 Dungeon Crawl Stone Soup version 0.29.1-15-g9cfb28693d (webtiles) character file.

Game seed: 6371419177793014671

111 protoss039 the Digger (level 4, 33/33 HPs)
             Began as a Demonspawn Earth Elementalist on Mar 17, 2023.
             Got out of the dungeon alive.
             The game lasted 00:01:45 (2221 turns).

protoss039 the Digger (DsEE)                        Turns: 2221, Time: 00:01:45

Health: 33/33      AC:  6    Str:  9    XL:     4   Next: 62%
Magic:  8/8        EV: 11    Int: 18    God:
Gold:   69         SH:  5    Dex: 13    Spells: 3/9 levels left

rFire   . . .      SeeInvis .   p - +1 mace (venom)
rCold   . . .      Faith    .   (no shield)
rNeg    . . .      Spirit   .   n - +0 leather armour
rPois   .          Reflect  +   (helmet restricted)
rElec   .          Harm     .   (no cloak)
rCorr   .          Rampage  .   (no gloves)
Will    .....                   (no boots)
Stlth   ++........              o - amulet of reflection
HPRegen 0.11/turn               (no ring)
MPRegen 0.11/turn               (no ring)

@: no status effects
A: antennae 1, thin metallic scales 2
a: no special abilities


You escaped.
You visited 1 branch of the dungeon, and saw 3 of its levels.

You collected 89 gold pieces.
You spent 20 gold pieces at shops.

Inventory:

Hand Weapons
 p - a +1 mace of venom (weapon)
Armour
 n - a +0 leather armour (worn)
Jewellery
 o - an amulet of reflection (around neck)
Scrolls
 c - a scroll of enchant weapon {unknown}
 g - a scroll of vulnerability {unknown}
 j - 2 scrolls of poison {unknown}
 k - a scroll of identify
Potions
 a - a potion of invisibility {unknown}
 b - a potion of magic
 d - a potion of heal wounds {unknown}
 e - a potion of ambrosia {unknown}
 f - 2 potions of might {unknown}
 h - 5 potions of lignification {unknown}
 i - a potion of haste {unknown}
 l - 3 potions of flight {unknown}
 m - 3 potions of curing {unknown}
 q - a potion of resistance {unknown}


   Skills:
 + Level 2.3 Fighting
 - Level 1.7 Dodging
 - Level 1.7 Stealth
 + Level 3.1 Spellcasting
 - Level 0.8 Transmutations
 + Level 3.5 Earth Magic


You had 3 spell levels left.
You knew the following spells:

 Your Spells              Type           Power      Damage    Failure   Level
a - Sandblast             Erth           30%        2d9       5%          1
b - Passwall              Tmut/Erth      8%         N/A       14%         2
c - Stone Arrow           Conj/Erth      18%        3d8       32%         3

Your spell library contained the following spells:

 Spells                   Type           Power      Damage    Failure   Level
 Petrify                  Tmut/Erth      10%        N/A       67%         4
 Leda's Liquefaction      Hex/Erth       4%         N/A       73%         4
 Lee's Rapid Deconstruct  Erth           7%         3d8*      82%         5
 Statue Form              Tmut/Erth      6%         N/A       100%        6


Dungeon Overview and Level Annotations

Branches:
Dungeon (3/15) Zot: 15750

Altars:

Shops:
D:1 ?


Innate Abilities, Weirdness & Mutations

You have a pair of small antennae on your head.
You are mostly covered in thin metallic scales. (AC +3)


Message History

A scorpion is nearby!
A scorpion is nearby!
You closely miss the scorpion. The scorpion barely misses you.
The scorpion stings you.
A scorpion is nearby!
You hit the scorpion but do no damage.
The scorpion is poisoned.
You block the scorpion's attack. The scorpion stings you.
A scorpion is nearby!
You hit the scorpion.
The scorpion is severely wounded.
The scorpion stings you but does no damage.
The scorpion closely misses you.
Casting: Sandblast (safe; 6% risk of failure)
Confirm with . or Enter, or press ? or * to list all spells.
Aiming: Sandblast (safe; 6% risk of failure)
Press: ? - help, Shift-Dir - straight line, f - scorpion
Aim: a scorpion (severely wounded, very poisoned, 82% to hit)
The blast of sand hits the scorpion.
The scorpion is almost dead.
You kill the scorpion!
Your Fighting skill increases to level 2!
Your Spellcasting skill increases to level 3!
You have reached level 4!
You feel stronger.
Your demonic ancestry asserts itself...
A pair of antennae grows on your head!
Unknown command.
(D) Dungeon
Where to? (Enter - D:2 @ (x,y), ? - help)
What level of the Dungeon? (default 1, ? - help)
There is an open door here.
There is a stone staircase leading up here.
You climb upwards.
There is a stone staircase leading down here.
There is a stone staircase leading up here.
You climb upwards.
There is a stone staircase leading down here.
HP restored.
There is a staircase leading out of the dungeon here.
Are you sure you want to leave the Dungeon?
This will make you lose the game!
You have escaped!

...†...........# #########.# #.
.########......#############.###.
..............................##.
##.#..........................#..
...#.P~~~~~~~~P...P~~~≈≈~~~P..#..
##...~~≈~~~~≈~≈...~~≈~~~~~~~.##..
####.~~≈~~~~≈≈≈...~≈≈~~~~≈≈~.##..
# #..P~~~~~~≈≈.....~~~~~~≈~P(##..
###.............@............##..
.....P~~≈≈~~≈~.....≈≈~~≈~~≈P.###.
#....~≈≈~~~~≈≈~...~≈≈~~~~≈≈~.....
#....~≈≈~~~~≈~~...~~≈~~~~≈≈~..##.
#....P~~~~~~~~P...P~~~~~~~~P..#..
#....(........................#.#
#........................##.....#
#...#############......#..#.#.#.#
#...# #.####.##...#.#.#


There were no monsters in sight!

Vanquished Creatures
  A scorpion (D:3)
  2 adders
  A dart slug (D:3)
  An orc (D:3)
  5 endoplasms
  A giant cockroach (D:1)
  6 hobgoblins
  2 quokkas (D:1)
  2 bats (D:1)
  2 frilled lizards (D:1)
  4 goblins
  7 rats
34 creatures vanquished.

Notes
Turn   | Place    | Note
-------+----------+-------------------------------------------
     0 | D:1      | protoss039 the Demonspawn Earth Elementalist began the
                  | quest for the Orb.
     0 | D:1      | Reached XP level 1. HP: 13/13 MP: 3/3
   269 | D:1      | Gained mutation: You are partially covered in thin metallic
                  | scales. (AC +2) [demonic ancestry]
   269 | D:1      | Reached XP level 2. HP: 9/20 MP: 1/5
   609 | D:1      | Reached skill level 1 in Fighting
   711 | D:1      | Found Piruf's Magic Scroll Shop.
   726 | D:1      | Bought a scroll of identify for 20 gold pieces
   974 | D:1      | Learned a level 2 spell: Passwall
  1208 | D:2      | Gained mutation: You are mostly covered in thin metallic
                  | scales. (AC +3) [demonic ancestry]
  1208 | D:2      | Reached XP level 3. HP: 16/26 MP: 3/6
  2000 | D:2      | Learned a level 3 spell: Stone Arrow
  2153 | D:3      | Noticed a scorpion
  2159 | D:3      | Killed a scorpion
  2160 | D:3      | Gained mutation: You have a pair of small antennae on your
                  | head. [demonic ancestry]
  2160 | D:3      | Reached XP level 4. HP: 27/33 MP: 6/8
  2221 | D:$      | Got out of the dungeon alive.

Illustrated notes

Levels and vault maps discovered:
D:1:      giann_bridges, layout_basic, serial_shops, nicolae_shop_stone,
          minmay_misc_feat_pillars, serial_bayou_pond_c
D:2:      layout_loops_ring
D:3:      minmay_door_path, layout_basic, gammafunk_temple_overflow_claw,
          marbit_many_paths

Skill      XL: |  1  2  3 |
---------------+----------+-----
Fighting       | 1 2 |  2.3
Earth Magic    | 3 |  3.5
Spellcasting   | 3 |  3.1
Dodging        | |  1.7
Stealth        | |  1.7
Transmutations | |  0.8

Action                   |  1- 3 |  4- 6 || total
-------------------------+-------+-------++-------
Melee: Dagger            |    31 |       ||    31
       Mace              |    30 |       ||    30
 Cast: Sandblast         |    23 |       ||    23
 Stab: Sleeping          |     2 |       ||     2
Armor: Robe              |     6 |       ||     6
       Leather armour    |    14 |       ||    14
Dodge: Dodged            |    34 |       ||    34
Block: Other             |     5 |       ||     5
